 Dungeon Crawl Stone Soup version 0.27-a0-1191-g601b473118 (webtiles) character file.

Game seed: 8014292831856131004

203 Vomitron the Stinger (level 5, -1/34 HPs)
             Began as an Octopode Venom Mage on May 25, 2021.
             Slain by a phantom (8 damage)
             ... on level 4 of the Dungeon.
             The game lasted 00:05:33 (4278 turns).

Vomitron the Stinger (Octopode Venom Mage)          Turns: 4278, Time: 00:05:34

Health: -1/34      AC:  1    Str:  7    XL:     5   Next: 81%
Magic:  6/9        EV: 13    Int: 19    God:
Gold:   154        SH:  0    Dex: 12    Spells: 3/9 levels left

rFire    . . .     SeeInvis .   f - +1 falchion (flame)
rCold    . . .     Faith    .   (no shield)
rNeg     + . .     Spirit   .   (helmet restricted)
rPois    .         Reflect  .   (no amulet)
rElec    .         Harm     .   d - ring of positive energy
rCorr    .         Rampage  .   (no ring)
Will     .....                  (no ring)
Stlth    ++++......             (no ring)
HPRegen  0.11/turn              (no ring)
MPRegen  0.11/turn              (no ring)
                                (no ring)
                                (no ring)

@: no status effects
A: almost no armour, amphibious, 8 rings, camouflage 1, gelatinous body 1,
(nimble swimmer 1), tentacles
a: no special abilities


You were on level 4 of the Dungeon.
You visited 1 branch of the dungeon, and saw 4 of its levels.

You collected 154 gold pieces.

Inventory:

Hand Weapons
 f - a +1 falchion of flaming (weapon)
 j - a +0 vorpal spear
Jewellery
 d - a ring of positive energy (left tentacle)
Scrolls
 c - a scroll of identify
 g - a scroll of noise
 k - a scroll of enchant armour {unknown}
Potions
 a - a potion of resistance {unknown}
 b - 3 potions of curing
 e - a potion of cancellation {unknown}
 h - a potion of heal wounds {unknown}
 i - 2 potions of attraction


   Skills:
 + Level 2.1 Fighting
 - Level 2.0 Dodging
 + Level 4.3 Stealth
 + Level 2.9 Spellcasting
 - Level 1.0 Transmutations
 + Level 1.1 Ice Magic
 + Level 5.2 Poison Magic


You had 3 spell levels left.
You knew the following spells:

 Your Spells              Type           Power      Damage    Failure   Level
a - Sting                 Tmut/Pois      56%        1d5       4%          1
b - Poisonous Vapours     Pois/Air       24%        N/A       8%          2
c - Frozen Ramparts       Ice            14%        1d3       28%         3

Your spell library contained the following spells:

 Spells                   Type           Power      Damage    Failure   Level
 Freeze                   Ice            28%        1d5       10%         1
 Ignite Poison            Fire/Tmut/Pois 10%        N/A       21%         3
 Mephitic Cloud           Conj/Pois/Air  9%         N/A       22%         3
 Ozocubu's Armour         Ice            7%         N/A       28%         3
 Olgreb's Toxic Radiance  Pois           22%        N/A       17%         4
 Hailstorm                Conj/Ice       4%         3d4       77%         4
 Metabolic Englaciation   Hex/Ice        2%         N/A       98%         5


Dungeon Overview and Level Annotations

Branches:
Dungeon (4/15)
 Temple: D:4-7

Altars:
Kikubaaqudgha

Annotations:
D:4 2 runed translucent doors, AtomicRavioli's ghost, amateur DsGl


Innate Abilities, Weirdness & Mutations

You cannot wear most types of armour.
You are amphibious.
You can wear up to eight rings at the same time.
Your skin changes colour to match your surroundings (Stealth+).
Your rubbery body absorbs attacks. (AC +1, EV +1)
((You are camouflaged near water. (Stealth+)))
You have tentacles for arms and can constrict up to eight enemies at once.


Message History

Unknown command.
You closely miss the phantom.
The phantom completely resists.
The wall freezes the phantom but does no damage.
The phantom closely misses you.
You riposte.
You closely miss the phantom.
Unknown command.
You closely miss the phantom. You squeeze the phantom.
The phantom is lightly damaged.
The phantom completely resists.
The wall freezes the phantom but does no damage.
The phantom barely misses you.
You riposte.
You closely miss the phantom.
The phantom is lightly damaged.
The phantom completely resists.
The wall freezes the phantom but does no damage.
The phantom completely misses you.
You barely miss the phantom.
The phantom is lightly damaged.
The phantom completely resists.
The wall freezes the phantom but does no damage.
The phantom barely misses you.
You riposte.
You barely miss the phantom.
The phantom is lightly damaged.
Unknown command.
You barely miss the phantom.
The phantom is lightly damaged.
The phantom completely resists.
The wall freezes the phantom but does no damage.
The phantom closely misses you.
Unknown command.
You hit the phantom but do no damage.
The phantom is lightly damaged.
The frozen ramparts melt away.
The phantom hits you! x2
* * * LOW HITPOINT WARNING * * *
Unknown command.
Your magical contamination has completely faded away.
Found a hunting sling.
There is a stone staircase leading up here.
An adder comes into view.
Found 19 sling bullets.
You closely miss the adder. Your grab misses the adder.
The adder barely misses you. The phantom hits you!
You die...

......
##.....##.#.##......#
....
#####.##.#.#########
.... . #......# ...
.. ####......# ...
... ........<.# ...
......##..#....# ...
....( ##.#....# ...
......#####....# ##
......S@W......#
......##########
#####


You could see a phantom and an adder.

Vanquished Creatures
  A hound (D:4)
  A jelly (D:4)
  An orc wizard (D:3)
  4 adders
  An ufetubus (D:4)
  A worm (D:2)
  4 dart slugs
  7 orcs
  4 endoplasms
  A giant cockroach (D:3)
  4 goblins
  A hobgoblin (D:2)
  3 jackals (D:2)
  10 kobolds
  2 quokkas
  7 ball pythons
  5 bats
  2 frilled lizards
  3 rats
62 creatures vanquished.

Notes
Turn   | Place    | Note
-------+----------+-------------------------------------------
     0 | D:1      | Vomitron the Octopode Venom Mage began the quest for the
                  | Orb.
     0 | D:1      | Reached XP level 1. HP: 11/11 MP: 3/3
     9 | D:1      | You fall into a shaft and drop 1 floor!
    37 | D:1      | Found a faded altar of an unknown god.
   693 | D:1      | Reached XP level 2. HP: 10/18 MP: 1/5
   838 | D:1      | Reached skill level 4 in Poison Magic
  1381 | D:2      | Reached skill level 1 in Fighting
  1381 | D:2      | Reached XP level 3. HP: 13/23 MP: 3/6
  2311 | D:2      | Reached XP level 4. HP: 28/28 MP: 4/7
  2441 | D:2      | Learned a level 2 spell: Poisonous Vapours
  2868 | D:3      | Found an ancient bone altar of Kikubaaqudgha.
  2871 | D:3      | Reached skill level 5 in Poison Magic
  2953 | D:3      | Learned a level 3 spell: Frozen Ramparts
  3162 | D:3      | Reached XP level 5. HP: 16/34 MP: 5/8
  3817 | D:4      | Found a large runed translucent door.
  3817 | D:4      | Found a large runed translucent door.
  3819 | D:4      | Noticed AtomicRavioli's ghost (amateur DsGl)
  3836 | D:4      | Reached skill level 1 in Ice Magic
  4213 | D:4      | Noticed a phantom
  4278 | D:4      | Slain by a phantom

Illustrated notes

Levels and vault maps discovered:
D:1:      roderic_octagonal_star, layout_loops_ring,
          hellmonk_ecumenical_altar_pennies_from_heaven,
          chequers_serial_rivers_room_a
D:2:      layout_basic
D:3:      layout_loops_corners, amcnicky_altar_gilded
D:4:      layout_rooms, ebering_ghost_disaster_area

Skill      XL: |  1  2  3  4  5 |
---------------+----------------+-----
Stealth        | 3 4 |  4.3
Poison Magic   | 4 5 |  5.2
Fighting       | 1 2 |  2.1
Ice Magic      | 1 |  1.1
Dodging        | |  2.0
Spellcasting   | |  2.9
Transmutations | |  1.0

Action                   |  1- 3 |  4- 6 || total
-------------------------+-------+-------++-------
Melee: Unarmed           |    27 |       ||    27
       Constrict         |    17 |    11 ||    28
       Tentacles         |     9 |     7 ||    16
       Falchion          |    22 |    51 ||    73
 Cast: Sting             |    19 |    21 ||    40
       Poisonous Vapours |       |     6 ||     6
       Frozen Ramparts   |       |     1 ||     1
  Use: Scroll            |       |     4 ||     4
 Stab: Sleeping          |     4 |     5 ||     9
Armor: Skin              |     8 |     2 ||    10
Dodge: Dodged            |    38 |    44 ||    82
       Rpst.: Falchion   |     2 |    16 ||    18

Table legend: (Time is in decaauts)
 A = Elapsed time spent in this place.
 B = Non-inter-level travel time spent in this place.
 C = Inter-level travel time spent in this place.
 D = Time resting spent in this place.
 E = Time spent auto-exploring this place.
 F = Levels seen in this place.
 G = Mean time per level.
                   A        B        C        D        E       F      G
               +--------+--------+--------+--------+--------+-----+--------+
         Total |   4299 |   4215 |     84 |   1046 |   2612 |   4 | 1074.8 |
       Dungeon |   4299 |   4215 |     84 |   1046 |   2612 |   4 | 1074.8 |
               +--------+--------+--------+--------+--------+-----+--------+

Top non-repeatable levels by time:
     D:1: 1336 daAuts
     D:2: 1195 daAuts
     D:3: 1125 daAuts
     D:4: 641 daAuts
